 Dungeon Crawl Stone Soup version 0.24.0-123-gd5b16e6ec5 (webtiles) character file.

Game seed: 14688824539958755192, levelgen mode: deterministic

235 Peloso the Shield-Bearer (level 5, -11/47 HPs)
             Began as a Minotaur Fighter on Jan 11, 2020.
             Was an Initiate of Okawaru.
             Mangled by Menkaure (13 damage)
             ... on level 4 of the Dungeon.
             The game lasted 00:06:08 (3022 turns).

Peloso the Shield-Bearer (Minotaur Fighter)         Turns: 3022, Time: 00:06:08

Health: -11/47     AC: 10    Str: 20    XL:     5   Next: 76%
Magic:  4/4        EV:  6    Int:  5    God:    Okawaru [......]
Gold:   136        SH: 10    Dex: 11    Spells: 4/4 levels left

rFire    . . .     SeeInvis .   a - +0 long sword
rCold    + . .     Gourm    .   c - +0 shield
rNeg     . . .     Faith    .   n - +0 chain mail
rPois    .         Spirit   .   (helmet restricted)
rElec    .         Reflect  .   (no cloak)
rCorr    .         Harm     .   (no gloves)
MR       .....                  (no boots)
Stlth    ..........             (no amulet)
HPRegen  0.15/turn              (no ring)
MPRegen  0.09/turn              (no ring)

@: lethally poisoned (-11 -> -11)
A: retaliatory headbutt, horns 2, rugged brown scales 1, cold resistance 1
a: Renounce Religion


You were on level 4 of the Dungeon.
You worshipped Okawaru.
Okawaru was noncommittal.
You were not hungry.

You visited 2 branches of the dungeon, and saw 5 of its levels.

You collected 136 gold pieces.

Inventory:

Hand Weapons
 a - a +0 long sword (weapon)
Armour
 b - a +0 scale mail
 c - a +0 shield (worn)
 n - a +0 chain mail (worn)
Jewellery
 j - an uncursed ring of poison resistance {unknown}
Wands
 s - a wand of iceblast (8)
Scrolls
 e - a scroll of blinking {unknown}
 g - 6 scrolls of identify {unknown}
 h - a scroll of magic mapping {unknown}
 i - a scroll of immolation {unknown}
 k - a scroll of enchant armour {unknown}
 l - a scroll of fog {unknown}
 m - 5 scrolls of remove curse {unknown}
 p - a scroll of enchant weapon {unknown}
 r - a scroll of noise {unknown}
 t - 2 scrolls of teleportation {unknown}
Potions
 d - 4 potions of might
 o - 2 potions of haste
 q - a potion of heal wounds
 u - a potion of magic {unknown}
 v - a potion of agility {unknown}
Comestibles
 f - 3 rations


   Skills:
 + Level 4.2 Fighting
 + Level 4.4 Long Blades
 + Level 4.5 Armour
 + Level 0.9 Dodging
 + Level 0.1 Stealth
 + Level 5.6 Shields


You had 4 spell levels left.
You didn't know any spells.
Your spell library was empty.

Dungeon Overview and Level Annotations

Branches:
Dungeon (4/15)             Temple (1/1) D:4

Altars:
Ashenzari
Cheibriados
Dithmenos
Elyvilon
Fedhas
Gozag
Hepliaklqana
Kikubaaqudgha
Nemelex Xobeh
Okawaru
Qazlal
Ru
Trog
Uskayaw
Vehumet
Wu Jian
Xom
Yredelemnul
Zin

Annotations:
D:4 Menkaure


Innate Abilities, Weirdness & Mutations

You reflexively headbutt those who attack you in melee.
You have a pair of horns on your head.
You are partially covered in rugged brown scales. (AC +1, +3% HP)
Your flesh is cold resistant. (rC+)


Message History

Menkaure is nearby!
Menkaure is nearby!
You feel sick.
Found 7 gold pieces.
You hit Menkaure. You headbutt Menkaure.
Menkaure is moderately damaged.
Menkaure casts a spell at you.
You barely resist. You closely miss Menkaure.
Menkaure is moderately damaged.
You feel sick. Menkaure hits you!!
You hit Menkaure.
Menkaure is heavily damaged.
Menkaure whispers, "Let me perform the rites..."
Menkaure hits you!
* * * LOW HITPOINT WARNING * * *
You hit Menkaure but do no damage.
Menkaure is heavily damaged.
Menkaure hits you!
You die...

............#.......
#.......#...#..........#
....†.......#......!...#
#...>...#...#..........#
............#...........
#.......#...#.........#
......................##
#.#.#.#.#......).......#
........†.......@M....$#
.+............########.#
.###..#.......#
#..#.......#
#...#+###### ..#. .....
......


You could see Menkaure.

Vanquished Creatures
  A crimson imp (D:2)
  An orc wizard (D:3)
  A worker ant (D:4)
  3 adders
  An adder zombie (D:2)
  An adder skeleton (D:2)
  A worm (D:3)
  2 dart slugs
  5 leopard geckos
  4 orcs (D:3)
  2 ball pythons
  10 bats
  2 bat skeletons (D:2)
  3 bat zombies (D:2)
  4 giant cockroaches
  7 goblins
  9 hobgoblins
  8 jackals
  12 kobolds
  2 quokkas (D:3)
  6 frilled lizards
  2 giant cockroach zombies (D:2)
  A leopard gecko skeleton (D:2)
  A quokka zombie (D:2)
  10 rats
99 creatures vanquished.

Notes
Turn   | Place    | Note
-------+----------+-------------------------------------------
     0 | D:1      | Peloso the Minotaur Fighter began the quest for the Orb.
     0 | D:1      | Reached XP level 1. HP: 19/19 MP: 0/0
    30 | D:1      | Gained mutation: You are partially covered in rugged brown
                  | scales. (AC +1, +3% HP) [potion of mutation]
    30 | D:1      | Gained mutation: Your flesh is cold resistant. (rC+)
                  | [potion of mutation]
   328 | D:1      | Reached XP level 2. HP: 25/27 MP: 1/1
   386 | D:1      | Reached skill level 4 in Shields
   714 | D:1      | Reached XP level 3. HP: 33/33 MP: 2/2
  1329 | D:2      | Reached XP level 4. HP: 30/41 MP: 3/3
  1359 | D:2      | Found a shattered altar of Ashenzari.
  1892 | D:3      | Found a faded altar of an unknown god.
  1904 | D:3      | Reached XP level 5. HP: 47/47 MP: 4/4
  2044 | D:3      | Reached skill level 5 in Shields
  2421 | D:3      | Found a radiant altar of Vehumet.
  2421 | D:3      | Found a blossoming altar of Fedhas.
  2824 | D:4      | Found a staircase to the Ecumenical Temple.
  2844 | Temple   | Entered the Ecumenical Temple
  2954 | Temple   | Became a worshipper of Warmaster Okawaru
  3015 | D:4      | Noticed Menkaure
  3021 | D:4      | HP: 2/47 [Menkaure (14)]
  3022 | D:4      | Mangled by Menkaure

Levels and vault maps discovered:
D:1:      dpeg_arrival_tiny_j, layout_basic, serial_corexii_hall,
          corexii_hall_statues_i, chequers_hall_statues_wall_a,
          corexii_hall_statues_l, corexii_hall_statues_s
D:2:      layout_basic, ashenzari_altar_1, serial_undead, serial_undead_a,
          serial_undead_c, serial_undead_b, serial_undead_b, serial_undead_b,
          serial_undead_c, serial_undead_a, serial_undead_a, serial_undead_b,
          serial_undead_d, chequers_avenue
D:3:      layout_loops_ring, gammafunk_temple_overflow_elements,
          chequers_ecumenical_altar_simple, first_ration, minmay_misc_feat_doors
D:4:      layout_basic, minmay_temple_entry_glass, uniq_natasha, uniq_robin,
          uniq_menkaure, uniq_grinder
Temple:   regret_index_temple_sphere_string

Skill      XL: |  1  2  3  4  5 |
---------------+----------------+-----
Armour         | 4 |  4.5
Shields        | 4 5 |  5.6
Fighting       | 4 |  4.2
Long Blades    | 3 4 |  4.4
Dodging        | |  0.9
Stealth        | |  0.1

Action                   |  1- 3 |  4- 6 || total
-------------------------+-------+-------++-------
Melee: Long sword        |   113 |   141 ||   254
       Headbutt          |    13 |    28 ||    41
  Use: Potion            |     3 |     2 ||     5
  Eat: Chunk             |     1 |     6 ||     7
Armor: Scale mail        |    23 |       ||    23
       Chain mail        |    63 |    84 ||   147
Dodge: Dodged            |    52 |    29 ||    81
Block: Shield            |    83 |    79 ||   162
       Rpst.: Long sword |    12 |    11 ||    23
